 Dungeon Crawl Stone Soup version 0.22.1-2-g9c5b331383 (webtiles) character file.

36 Gargoyl the Skirmisher (level 3, 0/31 HPs)
             Began as a Centaur Abyssal Knight on Dec 26, 2018.
             Was a Follower of Lugonu.
             Succumbed to an adder's poison
             ... on level 2 of the Dungeon.
             The game lasted 00:02:36 (892 turns).

Gargoyl the Skirmisher (Centaur Abyssal Knight)      Turns: 892, Time: 00:02:36

Health: 0/31       AC: 12    Str: 14    XL:     3   Next: 19%
Magic:  3/4        EV:  1    Int: 16    God:    Lugonu [*.....]
Gold:   83         SH:  0    Dex:  9    Spells: 2/2 levels left

rFire    . . .     SeeInvis .   a - +1 hand axe
rCold    + . .     Gourm    .   (no shield)
rNeg     . . .     Faith    .   e - +2 plate armour {rC+}
rPois    .         Spirit   +   (no helmet)
rElec    .         Reflect  .   (no cloak)
rCorr    .         Harm     .   (no gloves)
MR       .....                  (no barding)
Stlth    ..........             h - amulet of guardian spirit
HPRegen  0.10/turn              (no ring)
MPRegen  0.09/turn              (no ring)

@: brilliant, lethally poisoned (0 -> -2), very quick
A: large, hooves 3, molten scales 1, deformed body, speed 2, sense surroundings
1, tough skin 3
a: Depart the Abyss, Renounce Religion


You were on level 2 of the Dungeon.
You worshipped Lugonu.
Lugonu was aware of your devotion.
You were not hungry.

You visited 1 branch of the dungeon, and saw 2 of its levels.
You visited the Abyss 1 time.

You collected 83 gold pieces.

Inventory:

Hand Weapons
 a - a +1 hand axe (weapon)
Armour
 e - a +2 plate armour of cold resistance (worn)
Jewellery
 h - an amulet of guardian spirit (around neck)
Potions
 b - 2 potions of brilliance
Comestibles
 c - a ration
 f - a chunk of flesh


   Skills:
 + Level 3.5 Fighting
 + Level 2.3 Axes
 * Level 1.7 Armour
 + Level 0.6 Dodging
 * Level 2.3 Invocations


You had 2 spell levels left.
You didn't know any spells.
Your spell library was empty.

Dungeon Overview and Level Annotations

Branches:
Dungeon (2/15)

Altars:


Innate Abilities, Weirdness & Mutations

You have hooves in place of feet.
Armour fits poorly on your strangely shaped body.
You cover ground very quickly.
You have extremely tough skin. (AC +3)
You are partially covered in molten scales. (AC +2)
You passively map a small area around you.


Message History

Lugonu accepts your kill.
You have reached level 3!
Your experience leads to an increase in your attributes!
Your base attributes are Str 14, Int 11, Dex 8.
Increase (S)trength, (I)ntelligence, or (D)exterity?
You feel agile.
You see here an adder corpse.
* * * LOW HITPOINT WARNING * * *
You feel sick.
Things that are here:
an uncursed hunting sling; 16 stones You see here a worm corpse.
* * * LOW HITPOINT WARNING * * *
You feel sick.
You see here 17 gold pieces.
You now have 83 gold pieces (gained 17).
* * * LOW HITPOINT WARNING * * *
You feel sick.
Found a scroll labeled RAXZYMI RUEPAO.
You die...

* *## * , ###,
#.. #.. ... , ,
#.# #.# * #.# #.#
* * , ###.# #.#,
,
#...####.#######*
#...............
#..@####.######
#..?# #.# #.#
##### #.# #.# #.#
#.. #.# #.# * *
#.# #.# * * #.#
#.# #†###.# ,
#(.)†<# *


There were no monsters in sight!

Vanquished Creatures
  An adder (D:2)
  A worm (D:2)
  A dart slug (D:1)
  5 bats (D:1)
  A giant cockroach (D:1)
  2 goblins
  7 kobolds (D:1)
  A ball python (D:1)
  2 frilled lizards (D:1)
  3 rats (D:1)
24 creatures vanquished.

Notes
Turn   | Place    | Note
-------+----------+-------------------------------------------
     0 | Abyss:1  | Gargoyl the Centaur Abyssal Knight began the quest for the
                  | Orb.
     0 | Abyss:1  | Reached XP level 1. HP: 19/19 MP: 2/2
    42 | Abyss:2  | Noticed a quasit
    52 | Abyss:3  | Found a corrupted altar of Lugonu.
    95 | Abyss:3  | Noticed a starcursed mass
   133 | Abyss:3  | Noticed a raiju
   136 | Abyss:3  | Noticed a raiju
   140 | Abyss:3  | Noticed a raiju
   141 | D:1      | Escaped the Abyss
   316 | D:1      | Reached XP level 2. HP: 25/26 MP: 3/3
   363 | D:1      | Reached * piety under Lugonu
   868 | D:2      | Gained mutation: Your body sometimes deteriorates upon
                  | taking damage. [potion of mutation]
   868 | D:2      | Gained mutation: You passively map a small area around you.
                  | [potion of mutation]
   868 | D:2      | Gained mutation: You are agile. (Dex +2) [potion of
                  | mutation]
   868 | D:2      | Gained mutation: You are resistant to hostile enchantments.
                  | (MR+) [potion of mutation]
   869 | D:2      | Lost mutation: You are resistant to hostile enchantments.
                  | (MR+) [potion of mutation]
   869 | D:2      | Lost mutation: You are agile. (Dex +2) [potion of mutation]
   869 | D:2      | Lost mutation: Your body sometimes deteriorates upon taking
                  | damage. [potion of mutation]
   869 | D:2      | Lost mutation: You passively map a small area around you.
                  | [potion of mutation]
   869 | D:2      | Gained mutation: You are partially covered in molten
                  | scales. (AC +2) [potion of mutation]
   869 | D:2      | Gained mutation: You passively map a small area around you.
                  | [potion of mutation]
   875 | D:2      | Reached XP level 3. HP: 3/31 MP: 2/4
   881 | D:2      | HP: 1/31 [poisoned by an adder]
   886 | D:2      | HP: 1/31 [poisoned by an adder]
   892 | D:2      | Succumbed to an adder's poison

Skill      XL: |  1 |
---------------+----+-----
Axes           | 2 |  2.3
Fighting       | |  3.5
Armour         | |  1.7
Dodging        | |  0.6
Invocations    | |  2.3

Action                   || total
-------------------------++-------
Melee: Hand axe          ||    74
       Kick              ||     8
Invok: Depart the Abyss  ||     1
  Use: Potion            ||     5
       Scroll            ||     3
Armor: Plate armour      ||   115
Dodge: Dodged            ||    10
